 Dungeon Crawl Stone Soup version 0.25.1-2-g60ff931df9 (webtiles) character file.

Game seed: 13208064123204052947

53 Pickers98 the Skirmisher (level 3, -2/34 HPs)
             Began as a Hill Orc Fighter on Sept 9, 2020.
             Slain by a gnoll
             ... wielding a +0 club
              (6 damage)
             ... on level 2 of the Dungeon.
             The game lasted 00:02:11 (918 turns).

Pickers98 the Skirmisher (Hill Orc Fighter)          Turns: 918, Time: 00:02:11

Health: -2/34      AC:  7    Str: 19    XL:     3   Next: 87%
Magic:  3/3        EV:  7    Int:  8    God:
Gold:   87         SH:  9    Dex: 10    Spells: 2/2 levels left

rFire    . . .     SeeInvis .   a - +0 war axe
rCold    . . .     Gourm    .   c - +0 kite shield
rNeg     . . .     Faith    .   b - +0 scale mail
rPois    .         Spirit   .   (no helmet)
rElec    .         Reflect  .   (no cloak)
rCorr    .         Harm     .   (no gloves)
MR       .....                  (no boots)
Stlth    ..........             (no amulet)
HPRegen  0.11/turn              (no ring)
MPRegen  0.08/turn              (no ring)

@: no status effects
A: no striking features
a: no special abilities


You were on level 2 of the Dungeon.
You were not hungry.

You visited 1 branch of the dungeon, and saw 2 of its levels.

You collected 87 gold pieces.

Inventory:

Hand Weapons
 a - a +0 war axe (weapon)
Armour
 b - a +0 scale mail (worn)
 c - a +0 kite shield (worn)
Scrolls
 d - a scroll of remove curse {unknown}
 e - a scroll of random uselessness {unknown}
 h - a scroll of noise {unknown}
 n - a scroll of magic mapping {unknown}
Potions
 i - a potion of curing {unknown}
 j - a potion of resistance {unknown}
 k - a potion of haste {unknown}
 l - a potion of stabbing {unknown}
 m - a potion of heal wounds {unknown}
Comestibles
 f - 2 rations
 g - a chunk of flesh


   Skills:
 + Level 4.5 Fighting
 + Level 3.5 Axes
 + Level 3.7 Armour
 + Level 0.1 Dodging
 + Level 3.5 Shields


You had 2 spell levels left.
You didn't know any spells.
Your spell library was empty.

Dungeon Overview and Level Annotations

Branches:
Dungeon (2/15)

Altars:


Message History

You miss the jackal.
The jackal bites you but does no damage.
The gnoll hits you with a +0 club!
* * * LOW HITPOINT WARNING * * *
You block the jackal's attack.
The giant cockroach waves its antennae.
You hit the gnoll.
The gnoll is heavily wounded.
You barely miss the jackal. The jackal barely misses you.
The gnoll hits you but does no damage. You block the jackal's attack.
You closely miss the gnoll.
The gnoll is heavily wounded.
You completely miss the jackal. You block the jackal's attack.
The gnoll hits you with a +0 club.
* * * LOW HITPOINT WARNING * * *
The jackal bites you but does no damage.
You hit the gnoll but do no damage.
The gnoll is heavily wounded.
You miss the jackal. The gnoll hits you with a +0 club.
You die...

#. ..#... #" .....#
#.. #...# #.. #...#
#..# +#...#+
###...###s....#####
......)...........#
≈≈.≈..h@..†♣).....#
≈.....g....(......#
≈.....###.....###.#
.....# +#...#'÷##
....# #...#...#
#### #...##.<#
#...##### ##..#
#..#


You could see a gnoll, a jackal and a giant cockroach.

Vanquished Creatures
  3 gnolls
  A dart slug (D:2)
  4 goblins
  2 hobgoblins (D:1)
  2 jackals (D:2)
  4 kobolds
  3 bats
  2 frilled lizards (D:1)
  2 rats (D:1)
23 creatures vanquished.

Notes
Turn   | Place    | Note
-------+----------+-------------------------------------------
     0 | D:1      | Pickers98 the Hill Orc Fighter began the quest for the Orb.
     0 | D:1      | Reached XP level 1. HP: 19/19 MP: 1/1
   170 | D:1      | HP: 1/20 [gnoll/+0 whip of freezing (1)]
   172 | D:1      | Reached skill level 4 in Fighting
   172 | D:1      | Reached XP level 2. HP: 2/27 MP: 2/2
   874 | D:2      | Reached XP level 3. HP: 33/33 MP: 3/3
   918 | D:2      | Slain by a gnoll

Illustrated notes

Levels and vault maps discovered:
D:1:      lemuel_arrival_lava_pool, layout_rooms
D:2:      layout_basic, first_ration, serial_rivers,
          chequers_serial_rivers_marsh, chequers_serial_rivers_micro_a,
          chequers_serial_rivers_micro_c, chequers_serial_rivers_small_3,
          grunt_ministairs_6, minmay_small_reverse_x, uniq_jessica

Skill      XL: |  1  2 |
---------------+-------+-----
Fighting       | 4 |  4.5
Axes           | 3 |  3.5
Armour         | |  3.7
Dodging        | |  0.1
Shields        | |  3.5

Action                   || total
-------------------------++-------
Melee: War axe           ||    59
  Use: Potion            ||     1
Armor: Scale mail        ||    24
Dodge: Dodged            ||    22
Block: Kite shield       ||    38
